[Event "Team 45 45 League T44"]
[Site "Internet Chess Club"]
[Date "2010.02.25"]
[Round "4"]
[White "QueensCounselor"]
[Black "smitty120"]
[Result "1-0"]
[WhiteElo "2101"]
[BlackElo "1951"]
[Opening "Ruy Lopez: 5.O-O"]
[ECO "C78"]
[Time "13:05:34"]
[TimeControl "2700+45"]

1. e4 e5 2. Nf3 Nc6 3. Bb5 a6 4. Ba4 Nf6 5. O-O b5 6. Bb3 Bc5 7. c3 d6 8. a4 Rb8
9. d4 Bb6 10. h3 O-O 11. axb5 axb5 12. Re1 h6 13. Na3 Bb7 14. Nxb5 Re8 15. d5
Ne7 16. Bc2 Ng6 17. c4 Qe7 18. Be3 Bxe3 19. Rxe3 Nf4 20. Rea3 c6 21. dxc6 Bxc6
22. Ra7 Rb7 23. Rxb7 Bxb7 24. Qxd6 Bxe4 25. Bxe4 Nxe4 26. Qxe7 Rxe7 27. Rd1 Nc5
28. Nd6 Ncd3 29. b3 e4 30. Nd4 e3 31. fxe3 Rxe3 32. N6f5 Re4 33. Nf3 Re2 34. Rd2
g6 35. Rxe2 Nxe2+ 36. Kf1 Nec1 37. N5d4 Kf8 38. Ne1 Ke7 39. Nxd3 Nxd3 40. Ke2
Nb4 41. Kd2 Kd6 42. Nc2 Nc6 43. b4 f5 44. Kc3 Ne7 45. b5 g5 46. Kd4 f4 47. c5+
Ke6 48. Ke4 {Black resigns} 1-0

[Event "Team 45 45 League T44"]
[Site "Internet Chess Club"]
[Date "2010.02.28"]
[Round "4"]
[White "qs16"]
[Black "parrot9"]
[Result "1-0"]
[WhiteElo "1734"]
[BlackElo "1726"]
[Opening "Queen's pawn game"]
[ECO "D00"]
[Time "09:05:15"]
[TimeControl "2700+45"]

1. d4 d5 2. Nd2 Nf6 3. e3 a6 4. Bd3 Bg4 5. Ngf3 e6 6. O-O Be7 7. Qe1 Nbd7 8. Ne5
Nxe5 9. dxe5 Nd7 10. f4 Bh4 11. g3 g5 12. gxh4 gxh4 13. Kh1 Qe7 14. Rg1 Bh5 15.
Rg5 Bg6 16. Bxg6 hxg6 17. Nb3 O-O-O 18. Bd2 h3 19. Bb4 Qe8 20. Nc5 Nxc5 21. Bxc5
Qc6 22. Bd4 Qxc2 23. Qf1 Qe4+ 24. Kg1 Rh5 25. Rg3 Qf5 26. Qe2 Rh4 27. Rc1 c6 28.
Qc2 Qh5 29. Qd1 Qf5 30. Kf2 Rg8 31. Qc2 Qh5 32. Rg5 Rg4 33. Rxh5 Rg2+ 34. Ke1
Rxc2 35. Rxc2 gxh5 36. Kf1 Kd8 37. a4 Ke8 38. a5 Kf8 39. Rf2 Rg4 40. Ke2 Kg7 41.
Kd3 Kg6 42. Rf3 Rh4 43. Rg3+ Kf5 44. Rg5# {Black checkmated} 1-0

[Event "Team 45 45 League T44"]
[Site "Internet Chess Club"]
[Date "2010.02.25"]
[Round "4"]
[White "LukeOZade"]
[Black "oldsj"]
[Result "1-0"]
[WhiteElo "1785"]
[BlackElo "1544"]
[Opening "Sicilian: Najdorf, Byrne (English) attack"]
[ECO "B90"]
[Time "10:11:19"]
[TimeControl "2700+45"]

1. e4 c5 2. Nf3 d6 3. d4 cxd4 4. Nxd4 Nf6 5. Nc3 a6 6. Be3 e6 7. f3 b5 8. Qd2
Bb7 9. O-O-O Nbd7 10. g4 b4 11. Nce2 Ne5 12. Qxb4 Qc7 13. Nf4 Rc8 14. Qa4+ Qd7
15. Qb3 Nxf3 16. Nxf3 Bxe4 17. Nd4 Bxh1 18. Bxa6 Bc6 19. Nxc6 Rxc6 20. Bb5 Nxg4
21. Qa4 Ne5 22. Bd4 Qc7 23. Bxe5 Ke7 24. Bxc6 {Black resigns} 1-0

[Event "Team 45 45 League T44"]
[Site "Internet Chess Club"]
[Date "2010.02.28"]
[Round "4"]
[White "Camalleo"]
[Black "tsia68"]
[Result "1-0"]
[WhiteElo "1861"]
[BlackElo "1822"]
[Opening "King's pawn opening"]
[ECO "B07"]
[Time "02:04:07"]
[TimeControl "2700+45"]

1. e4 d6 2. Nc3 Nf6 3. Nf3 g6 4. Bc4 Bg7 5. d4 O-O 6. O-O Nxe4 7. Nxe4 d5 8. Bd3
dxe4 9. Bxe4 Nd7 10. Qe2 Nf6 11. Bd3 b6 12. c3 Bb7 13. Bc4 e6 14. Bf4 Qe7 15.
Be5 Rac8 16. Ba6 c5 17. Bxb7 Qxb7 18. dxc5 bxc5 19. Rad1 Rfd8 20. Rxd8+ Rxd8 21.
Re1 Qd5 22. c4 Qd3 23. Kf1 a6 24. h3 Rd7 25. Qxd3 Rxd3 26. Ke2 Rd7 27. Ke3 Bh6+
28. Bf4 Bxf4+ 29. Kxf4 Kg7 30. Re5 Rb7 31. b3 Nd7 32. Re3 a5 33. Rd3 a4 34. bxa4
Ra7 35. a5 Nb8 36. Ra3 Nc6 37. a6 Kf6 38. h4 h6 39. Nd2 g5+ 40. hxg5+ hxg5+ 41.
Kg3 Ke5 42. Kg4 f6 43. Re3+ Kd6 44. Ne4+ Ke7 45. Nxc5 Ne5+ 46. Kg3 Kd6 47. Ne4+
Ke7 48. Rb3 Rxa6 49. Rb7+ Kf8 50. Nxf6 Nxc4 51. Nh7+ Ke8 52. Nxg5 e5 53. Rc7 Ra4
54. Ne4 Kd8 55. Rc5 Nb6 56. Rxe5 Rxa2 57. f3 Kd7 58. Rg5 Nc8 59. f4 Re2 60. Re5
Re3+ 61. Kg4 Ra3 62. g3 Ne7 63. f5 Nc6 64. Rd5+ Ke7 65. f6+ Ke6 66. Rd6+ Ke5 67.
f7 Ra8 68. Rxc6 Kxe4 69. Re6+ Kd5 70. Re8 {Black resigns} 1-0

[Event "Team 45 45 League T44"]
[Site "Internet Chess Club"]
[Date "2010.02.25"]
[Round "4"]
[White "VietLion"]
[Black "mpe"]
[Result "1-0"]
[WhiteElo "1872"]
[BlackElo "1501"]
[Opening "Caro-Kann: Tartakower (fantasy) variation"]
[ECO "B12"]
[Time "15:00:12"]
[TimeControl "2700+45"]

1. e4 c6 2. d4 d5 3. f3 Nd7 4. Nc3 Nb6 5. e5 Bf5 6. Nge2 e6 7. Ng3 Bg6 8. Nce2
h6 9. Nf4 Bh7 10. Bd3 Bxd3 11. Nxd3 Ne7 12. O-O Ng6 13. f4 Be7 14. f5 Nf8 15.
Nh5 Rg8 16. f6 gxf6 17. Nxf6+ Bxf6 18. exf6 Qc7 19. Bf4 Qd8 {Black resigns} 1-0

[Event "Team 45 45 League T44"]
[Site "Internet Chess Club"]
[Date "2010.03.01"]
[Round "4"]
[White "g8wrb"]
[Black "room-matt"]
[Result "0-1"]
[WhiteElo "1578"]
[BlackElo "1721"]
[Opening "Ruy Lopez: Wormald (Alapin) attack"]
[ECO "C77"]
[Time "12:40:10"]
[TimeControl "2700+45"]

1. e4 e5 2. Nf3 Nc6 3. Bb5 a6 4. Ba4 Nf6 5. Qe2 b5 6. Bb3 Bc5 7. O-O O-O 8. c3
Bb7 9. Rd1 d6 10. d4 Bb6 11. Bg5 h6 12. Bh4 Re8 13. Na3 g5 14. Nxg5 hxg5 15.
Bxg5 Kg7 16. Nc2 Na5 17. Rd3 Nxb3 18. axb3 exd4 19. cxd4 Bxe4 20. Rg3 Bg6 21.
Bxf6+ Qxf6 22. Qg4 c5 23. Ne3 Rxe3 24. fxe3 cxd4 25. Rf1 dxe3 26. Rxf6 e2+
{White resigns} 0-1

[Event "Team 45 45 League T44"]
[Site "Internet Chess Club"]
[Date "2010.02.27"]
[Round "4"]
[White "justice02"]
[Black "Karpyan"]
[Result "0-1"]
[WhiteElo "1643"]
[BlackElo "1860"]
[Opening "French: Schlechter variation"]
[ECO "C01"]
[Time "12:05:36"]
[TimeControl "2700+45"]

1. e4 e6 2. d4 d5 3. Bd3 c5 4. c3 Nc6 5. Nf3 Nf6 6. e5 Nd7 7. a3 Qb6 8. Bc2 Be7
9. Qd3 f6 10. exf6 Nxf6 11. O-O Bd7 12. b4 cxd4 13. cxd4 O-O 14. Nc3 Rac8 15.
Bf4 g6 16. Bh6 Rfd8 17. h3 a6 18. Rfe1 Qc7 19. Ng5 Nxd4 20. Nxh7 Nf5 21. Bd2
Kxh7 22. Rac1 Qc4 23. Qf3 Qh4 24. Ne2 Ne4 25. Bf4 Ng5 26. Qb3 Bb5 27. Be5 Nf7
28. Bb2 Bf6 29. Nc3 Nd4 30. Nxd5 Nxb3 31. Nxf6+ Qxf6 32. Bxf6 Nxc1 33. Rxc1 Re8
34. Bb2 e5 35. f3 Kh6 36. Kf2 Nd6 37. g4 Nc4 38. g5+ Kg7 39. Rb1 Nxa3 40. Bxa3
Rxc2+ 41. Kg3 Rd8 42. Re1 Re2 43. Rc1 Ra2 44. Rc3 Rd3 45. Rc7+ Rd7 46. Rc3 Rd3
47. Rc7+ Rd7 48. Rc3 Kf7 49. Bc1 Ke6 50. h4 Kf5 51. Rc8 Rd1 52. Be3 Bf1 53. Bc5
Rg2+ 54. Kh3 Rxg5+ 55. Kh2 Rd2+ 56. Kh1 Rgg2 57. Rc7 Rh2+ 58. Kg1 Kf4 59. Rf7+
Kg3 60. Rf6 Rdg2+ 61. Kxf1 Rh1+ {White resigns} 0-1

[Event "Team 45 45 League T44"]
[Site "Internet Chess Club"]
[Date "2010.02.26"]
[Round "4"]
[White "SneakyRed"]
[Black "Goli"]
[Result "1/2-1/2"]
[WhiteElo "1867"]
[BlackElo "1745"]
[Opening "Robatsch (modern) defense"]
[ECO "B06"]
[Time "14:00:44"]
[TimeControl "2700+45"]

1. e4 g6 2. d4 Bg7 3. Nf3 d6 4. Bc4 Nf6 5. Qe2 O-O 6. e5 dxe5 7. dxe5 Nd5 8. h3
c6 9. O-O Qc7 10. Re1 e6 11. Bb3 b5 12. Nbd2 a6 13. c4 Nb6 14. cxb5 cxb5 15. Nf1
h6 16. Bf4 N8d7 17. Rac1 Qb8 18. N1h2 Bb7 19. Bg3 Rc8 20. Ng4 Bd5 21. Bxd5 Nxd5
22. Nf6+ Bxf6 23. exf6 Qb7 24. Qd2 Kh7 25. Bf4 Nxf4 26. Qxf4 Rxc1 27. Rxc1 Rc8
28. Rxc8 Qxc8 29. Qd4 Qc1+ 30. Kh2 Qc7+ 31. Kg1 e5 32. Qd5 Qc1+ 33. Kh2 Qf4+ 34.
Kg1 Qc1+ 35. Kh2 Qf4+ 36. Kg1 Qc1+ 37. Kh2 {Game drawn by repetition} 1/2-1/2

[Event "Team 45 45 League T44"]
[Site "Internet Chess Club"]
[Date "2010.02.28"]
[Round "4"]
[White "Yedixon"]
[Black "bondguy01"]
[Result "1/2-1/2"]
[WhiteElo "1761"]
[BlackElo "1678"]
[Opening "Bird's opening"]
[ECO "A03"]
[Time "19:00:16"]
[TimeControl "2700+45"]

1. f4 d5 2. Nf3 Bg4 3. e3 Nd7 4. h3 Bxf3 5. Qxf3 e5 6. Qxd5 Qh4+ 7. Kd1 O-O-O 8.
Qxf7 Nh6 9. Qc4 Qe7 10. Be2 Nf5 11. Bf3 Nxe3+ 12. dxe3 Nb6+ 13. Qd3 Rxd3+ 14.
cxd3 g6 15. Nc3 Bg7 16. Bd2 Rd8 17. Kc2 exf4 18. Rhe1 Qd6 19. Be4 fxe3 20. Bxe3
a6 21. Bg5 Rf8 22. Bf3 Bf6 23. Bh6 Rd8 24. Rad1 Kb8 25. Re4 Nd5 26. Nxd5 Qxd5
27. Bf4 Qxa2 28. Rb4 b5 29. d4 Qe6 30. d5 Qb6 31. Rb3 Qc5+ 32. Kb1 Qc4 33. Bxc7+
Qxc7 34. Rc1 Qe5 35. Rc6 Rd6 36. Rc2 Qe1+ 37. Ka2 Qa5+ 38. Kb1 Qe1+ 39. Rc1 Qe5
40. Rbc3 Qf5+ 41. R3c2 Bg5 42. Bg4 Qe4 43. Bf3 Qf5 44. Re1 Rd8 45. Re6 Rc8 46.
Be4 Qf1+ 47. Ka2 Rxc2 48. Bxc2 Kb7 49. Be4 Qc4+ 50. Ka1 Qa4+ 51. Kb1 Qd1+ 52.
Ka2 Qa4+ 53. Kb1 Qd1+ {Game drawn by mutual agreement} 1/2-1/2

[Event "Team 45 45 League T44"]
[Site "Internet Chess Club"]
[Date "2010.02.25"]
[Round "4"]
[White "Lionskins"]
[Black "randallsr"]
[Result "0-1"]
[WhiteElo "1626"]
[BlackElo "1761"]
[Opening "Réti opening"]
[ECO "A04"]
[Time "13:00:15"]
[TimeControl "2700+45"]

1. Nf3 e6 2. e3 b6 3. c4 Bb7 4. a3 Nf6 5. Nc3 Ne4 6. Qc2 Ng5 7. Be2 Nxf3+ 8.
Bxf3 Bxf3 9. gxf3 Be7 10. b4 c6 11. Bb2 Bf6 12. Ne4 d5 13. cxd5 cxd5 14. Nxf6+
gxf6 15. Rg1 Nd7 16. Rc1 Ke7 17. Rg7 Rc8 18. Qb1 Rxc1+ 19. Qxc1 Qb8 20. f4 Rc8
21. Qb1 Rh8 22. Rxh7 Qg8 23. Rxh8 Qg1+ 24. Ke2 Qxb1 25. Bc3 b5 26. Ra8 Qh1 27.
Rxa7 Qxh2 28. Rb7 e5 29. fxe5 fxe5 30. Rxb5 Nf6 31. d3 Ng4 32. Be1 Qh5 33. Kd2
Kd6 34. a4 Nh2 35. a5 Nf3+ 36. Ke2 Nd4+ 37. Kd2 Qe2+ {White resigns} 0-1

[Event "Team 45 45 League T44"]
[Site "Internet Chess Club"]
[Date "2010.03.01"]
[Round "4"]
[White "Colombiano07"]
[Black "theophilus"]
[Result "0-1"]
[WhiteElo "2107"]
[BlackElo "2154"]
[Opening "French: Winawer, Alekhine gambit, Kan variation"]
[ECO "C15"]
[Time "10:18:33"]
[TimeControl "2700+45"]

1. e4 e6 2. d4 d5 3. Nc3 Bb4 4. Ne2 dxe4 5. a3 Bxc3+ 6. Nxc3 Nc6 7. Bb5 Ne7 8.
Be3 O-O 9. Nxe4 f5 10. Ng5 f4 11. Bd2 Qd5 12. Bxc6 Nxc6 13. Nf3 Nxd4 14. Nxd4
Qxd4 15. Qf3 Qe5+ 16. Qe2 Qxb2 17. O-O f3 18. gxf3 Bd7 19. Rab1 Qxc2 20. Kh1 Bc6
21. Qxe6+ Kh8 22. Be3 Rf6 {White resigns} 0-1

[Event "Team 45 45 League T44"]
[Site "Internet Chess Club"]
[Date "2010.02.26"]
[Round "4"]
[White "BadHabitMarco"]
[Black "CaoCao"]
[Result "0-1"]
[WhiteElo "1897"]
[BlackElo "1964"]
[Opening "Vienna game"]
[ECO "C28"]
[Time "22:03:16"]
[TimeControl "2700+45"]

1. e4 e5 2. Bc4 Nf6 3. Nc3 Nc6 4. d3 Be7 5. f4 d6 6. Nf3 Bg4 7. O-O O-O 8. h3
Bxf3 9. Qxf3 Na5 10. Bb3 Nxb3 11. axb3 c6 12. Be3 a6 13. f5 d5 14. Ne2 d4 15.
Bd2 Nd7 16. Qh5 f6 17. Rf3 Qe8 18. Qg4 Kh8 19. Ng3 Qf7 20. Nh5 Rfc8 21. Qh4 Bf8
22. g4 Be7 23. Kh1 Rg8 24. Rg1 a5 25. g5 fxg5 26. Bxg5 Bxg5 27. Qxg5 h6 28. Qh4
g5 29. Qg4 Nf6 30. Nxf6 Qxf6 31. Rfg3 Qf7 32. Qf3 Kg7 33. h4 Kf6 34. hxg5+ hxg5
35. Rh3 Rh8 36. Rg3 Qg7 37. Kg2 Rxh3 38. Kxh3 Rh8+ 39. Kg2 Rh4 40. Rh3 g4 41.
Rxh4 gxf3+ 42. Kxf3 Qg5 43. Rg4 Qe3+ 44. Kg2 Qe2+ 45. Kh3 Qxc2 46. Rg6+ Kf7 47.
Kg4 Qxd3 48. Kg5 Qe3+ 49. Kh5 d3 50. Rd6 d2 {White resigns} 0-1

[Event "Team 45 45 League T44"]
[Site "Internet Chess Club"]
[Date "2010.03.01"]
[Round "4"]
[White "primerpaso"]
[Black "poni"]
[Result "0-1"]
[WhiteElo "1873"]
[BlackElo "1945"]
[Opening "English: symmetrical variation"]
[ECO "A34"]
[Time "09:07:48"]
[TimeControl "2700+45"]

1. c4 c5 2. Nc3 Nf6 3. g3 g6 4. Bg2 Bg7 5. e4 d6 6. Nge2 Nc6 7. O-O O-O 8. d3
Be6 9. h3 Qd7 10. Nf4 Nd4 11. Be3 Ne8 12. Kh2 Rb8 13. Qd2 a6 14. Rae1 b5 15. b3
Nc7 16. Nce2 Nc6 17. Nd5 b4 18. d4 cxd4 19. Nxd4 Nxd4 20. Bxd4 Bxd4 21. Qxd4 a5
22. f4 Na6 23. f5 Bxd5 24. cxd5 f6 25. h4 Nc5 26. Bh3 Qb5 27. fxg6 hxg6 28. Qd1
Nd3 29. Re2 Nc5 30. Rc2 a4 31. Qg4 Kg7 32. h5 g5 33. Rf5 Kh6 34. Qf3 axb3 35.
axb3 Ra8 36. Bf1 Qb6 37. Qf2 Qb8 38. Qe3 Ra3 39. Bc4 Kxh5 40. e5 Rh8 41. Rcf2
Kg6+ 42. Kg2 Qf8 43. exf6 Qh6 44. Rf1 Qh3+ 45. Kf2 Qxf5+ 46. Kg1 Qc2 47. Rf2
Ra1+ 48. Bf1 Qe4 {White resigns} 0-1

[Event "Team 45 45 League T44"]
[Site "Internet Chess Club"]
[Date "2010.03.04"]
[Round "4"]
[White "SneakyRed"]
[Black "frank001"]
[Result "1/2-1/2"]
[WhiteElo "1865"]
[BlackElo "1829"]
[Opening "Latvian counter-gambit"]
[ECO "C40"]
[Time "15:07:26"]
[TimeControl "2700+45"]

1. e4 e5 2. Nf3 f5 3. Nxe5 Qf6 4. d4 d6 5. Nc4 fxe4 6. Nc3 Qg6 7. Bf4 Nf6 8. Ne3
Be7 9. Bc4 c6 10. d5 Nh5 11. Bg3 Nxg3 12. hxg3 Nd7 13. Be2 Nf6 14. Bh5 Nxh5 15.
Qxh5 Qxh5 16. Rxh5 g6 17. Rh2 Bf6 18. Rb1 Bxc3+ 19. bxc3 O-O 20. Rh4 Re8 21. Rb4
cxd5 22. Nxd5 Re5 23. Nc7 Rb8 24. Rhxe4 Bf5 25. Rxe5 dxe5 26. Rb2 b6 27. Nd5 Kf7
28. Ne3 Be4 29. Rb4 Ba8 30. f3 Ke6 31. Rh4 Rb7 32. Rb4 Rc7 33. c4 Bc6 34. Ke2
Rd7 35. Rb3 Ba4 36. Ra3 Bc6 37. Rd3 Rc7 38. Rd8 Bb7 39. Re8+ Kd6 40. Kd3 Ba6 41.
Rd8+ Ke7 42. Rh8 Ke6 43. Re8+ Kd6 44. Rd8+ Ke7 45. Rh8 Ke6 46. Re8+ Kd6 {Game
drawn by repetition} 1/2-1/2

[Event "Team 45 45 League T44"]
[Site "Internet Chess Club"]
[Date "2010.02.27"]
[Round "4"]
[White "viddi"]
[Black "ferrari9182"]
[Result "1-0"]
[WhiteElo "2080"]
[BlackElo "2079"]
[Opening "King's Indian: orthodox, Aronin-Taimanov, bayonet attack"]
[ECO "E97"]
[Time "11:00:16"]
[TimeControl "2700+45"]

1. Nf3 Nf6 2. c4 g6 3. Nc3 Bg7 4. e4 d6 5. d4 O-O 6. Be2 e5 7. O-O Nc6 8. d5 Ne7
9. b4 Nd7 10. Nd2 a5 11. Ba3 f5 12. f3 f4 13. Nb3 axb4 14. Bxb4 b6 15. a4 Nc5
16. a5 g5 17. axb6 Rxa1 18. Nxa1 cxb6 19. Nb3 Ng6 20. Nb5 h5 21. Nxc5 bxc5 22.
Be1 Bh6 23. Qa4 g4 24. Qa5 Qg5 25. Nxd6 g3 26. Nxc8 gxh2+ 27. Kxh2 Rxc8 28. Qa6
Rc7 29. Qe6+ Kh7 30. d6 Rg7 31. Qh3 h4 32. Bf2 Rb7 33. Bxc5 Rb2 34. Rf2 Rb1 35.
Bf1 Rd1 36. Qg4 Qxg4 37. fxg4 Bf8 38. Be2 Rd2 39. Bb4 Rb2 40. d7 Bc5 41. Bxc5
Rd2 42. Bb6 Rxd7 43. c5 Ne7 44. Bb5 Rd1 45. Rf1 Rd2 46. Kh3 Kg6 47. Kxh4 Rxg2
48. Be8+ Kh6 49. Rh1 f3 50. Rf1 f2 51. c6 Ng8 52. c7 Ne7 53. Rxf2 {Black
resigns} 1-0

[Event "Team 45 45 League T44"]
[Site "Internet Chess Club"]
[Date "2010.03.01"]
[Round "4"]
[White "Darienor"]
[Black "Erle"]
[Result "0-1"]
[WhiteElo "2103"]
[BlackElo "1875"]
[Opening "Sicilian: Najdorf, Adams attack"]
[ECO "B90"]
[Time "15:01:05"]
[TimeControl "2700+45"]

1. e4 c5 2. Nf3 d6 3. d4 cxd4 4. Nxd4 Nf6 5. Nc3 a6 6. h3 e5 7. Nb3 Be6 8. Bg5
Nbd7 9. Qe2 Be7 10. O-O-O O-O 11. Be3 b5 12. g4 Bc4 13. Qf3 Nb6 14. Na5 Rc8 15.
Kb1 Bxf1 16. Rhxf1 Na4 17. Nxa4 bxa4 18. Bd2 Qb6 19. g5 Nd7 20. Qe3 Rc5 21. b4
Rb8 22. Nb3 axb3 {White resigns} 0-1

[Event "Team 45 45 League T44"]
[Site "Internet Chess Club"]
[Date "2010.02.27"]
[Round "4"]
[White "EBK"]
[Black "monsterpawn"]
[Result "0-1"]
[WhiteElo "1775"]
[BlackElo "1937"]
[Opening "Sicilian: closed"]
[ECO "B23"]
[Time "14:01:06"]
[TimeControl "2700+45"]

1. e4 c5 2. Nc3 a6 3. Bc4 e6 4. d3 b5 5. Bb3 Bb7 6. Nge2 Nc6 7. O-O Nf6 8. f4
Qb6 9. Kh1 Be7 10. Ng3 h5 11. e5 h4 12. Nge4 Nxe4 13. Nxe4 h3 14. g3 c4 15. dxc4
Nxe5 16. Qe2 f5 17. Be3 Bxe4+ 18. Kg1 Bc5 19. Bxc5 Qxc5+ 20. Qf2 Nf3+ 21. Kh1
Nd4+ 22. Qf3 Nxf3 {White resigns} 0-1

[Event "Team 45 45 League T44"]
[Site "Internet Chess Club"]
[Date "2010.02.28"]
[Round "4"]
[White "AugustoCaruso"]
[Black "vnchess"]
[Result "0-1"]
[WhiteElo "2187"]
[BlackElo "2238"]
[Opening "Richter-Veresov attack, Richter variation"]
[ECO "D01"]
[Time "14:00:35"]
[TimeControl "2700+45"]

1. d4 Nf6 2. Nc3 d5 3. Bg5 Bf5 4. f3 Nbd7 5. Nxd5 Nxd5 6. e4 f6 7. Bc1 Be6 8.
exd5 Bxd5 9. Bd3 e5 10. c4 Bf7 11. d5 Bc5 12. Bd2 Qe7 13. Ne2 O-O 14. Qc2 g6 15.
h4 f5 16. h5 e4 17. fxe4 fxe4 18. Bxe4 Rae8 19. Rc1 Qxe4 {White resigns} 0-1

[Event "Team 45 45 League T44"]
[Site "Internet Chess Club"]
[Date "2010.02.28"]
[Round "4"]
[White "Cristina"]
[Black "Gil-galad"]
[Result "0-1"]
[WhiteElo "2093"]
[BlackElo "2116"]
[Opening "Scandinavian (center counter) defense"]
[ECO "B01"]
[Time "05:11:12"]
[TimeControl "2700+45"]

1. e4 d5 2. d3 e5 3. Nf3 Nc6 4. Nbd2 Nf6 5. c3 Bc5 6. Be2 O-O 7. O-O Bg4 8. b4
Bd6 9. h3 Be6 10. Qc2 Ne7 11. a3 Ng6 12. Re1 c6 13. Bf1 a5 14. Bb2 axb4 15. axb4
Qc7 16. g3 h6 17. Bg2 dxe4 18. dxe4 Rfd8 19. Nf1 c5 20. b5 c4 21. Ne3 Qb6 22.
Nf5 Bc5 23. h4 Rxa1 24. Bxa1 Ng4 25. Rf1 Nxf2 26. Rxf2 Bxf2+ 27. Qxf2 Rd1+ 28.
Bf1 Qxf2+ 29. Kxf2 Rxa1 30. h5 Bxf5 31. exf5 Ne7 32. Nxe5 Nxf5 33. Bxc4 Nd6 34.
Bd5 Kf8 35. c4 Ke7 36. c5 Nxb5 37. Bxb7 Ra3 38. Bd5 f6 39. Ng6+ Kd7 40. Nf8+ Kc8
41. Ne6 Nc7 42. Nxc7 Kxc7 43. c6 Kd6 44. Bf3 Rc3 45. g4 Ke5 46. Kg3 Ra3 47. Kf2
Kf4 48. Bd5 Rc3 {White resigns} 0-1

[Event "Team 45 45 League T44"]
[Site "Internet Chess Club"]
[Date "2010.02.28"]
[Round "4"]
[White "Kolibri"]
[Black "Warren"]
[Result "0-1"]
[WhiteElo "2083"]
[BlackElo "2297"]
[Opening "Sicilian: Pelikan, Chelyabinsk variation"]
[ECO "B33"]
[Time "11:31:57"]
[TimeControl "2700+45"]

1. e4 c5 2. Nf3 Nc6 3. d4 cxd4 4. Nxd4 Nf6 5. Nc3 e5 6. Ndb5 d6 7. Bg5 a6 8. Na3
b5 9. Nd5 Be7 10. Bxf6 Bxf6 11. c3 Bg5 12. Nc2 Rb8 13. Ncb4 Nxb4 14. Nxb4 Bb7
15. Nd5 O-O 16. h4 Bh6 17. g4 Bf4 18. Bg2 a5 19. Qd3 Qd7 20. Bf3 Bc6 21. Nxf4
exf4 22. O-O-O Rfd8 23. Qd2 Qe6 24. Qxf4 Qxa2 25. Rxd6 b4 26. Rxd8+ Rxd8 27.
cxb4 Ba4 {White resigns} 0-1

[Event "Team 45 45 League T44"]
[Site "Internet Chess Club"]
[Date "2010.03.01"]
[Round "4"]
[White "jpitt"]
[Black "Monsoon-Smith"]
[Result "1/2-1/2"]
[WhiteElo "2383"]
[BlackElo "2063"]
[Opening "QGD: Tarrasch, Prague variation, 9.Bg5"]
[ECO "D34"]
[Time "20:06:09"]
[TimeControl "2700+45"]

1. d4 d5 2. c4 e6 3. Nf3 c5 4. Nc3 Nc6 5. cxd5 exd5 6. g3 Nf6 7. Bg2 Be7 8. O-O
O-O 9. Bg5 cxd4 10. Nxd4 h6 11. Be3 Bg4 12. Qa4 Qd7 13. Rfd1 Bh3 14. Bh1 Rfd8
15. Rac1 a6 16. Nxc6 bxc6 17. Nb1 Rab8 18. b3 Rdc8 19. Bc5 Bxc5 20. Rxc5 Rb5 21.
Qd4 Rxc5 22. Qxc5 Qf5 23. Nc3 Qc2 24. Re1 Qd2 25. Rd1 Qc2 26. Re1 Qd2 27. Rd1
Qc2 {Game drawn by repetition} 1/2-1/2

[Event "Team 45 45 League T44"]
[Site "Internet Chess Club"]
[Date "2010.02.28"]
[Round "4"]
[White "fledermaus"]
[Black "blackswood"]
[Result "0-1"]
[WhiteElo "1943"]
[BlackElo "1985"]
[Opening "Old Benoni defense"]
[ECO "A46"]
[Time "14:01:05"]
[TimeControl "2700+45"]

1. d4 Nf6 2. Nf3 c5 3. d5 g6 4. c4 b5 5. cxb5 a6 6. b6 Qxb6 7. Nc3 Bg7 8. e4 O-O
9. Nd2 d6 10. Nc4 Qc7 11. Be2 Nbd7 12. O-O Nb6 13. a4 Nxc4 14. Bxc4 e5 15. dxe6
Bxe6 16. Nd5 Nxd5 17. Bxd5 Rab8 18. Ra2 Rb4 19. Bxe6 fxe6 20. Qe2 Qc6 21. Re1
Bd4 22. Be3 Qxe4 23. Qxa6 Bxe3 24. fxe3 Qc2 25. Rf1 Rxf1+ 26. Qxf1 Qb3 27. Ra3
Qxb2 28. Ra1 Qc3 29. Kh1 Qxe3 30. Qf6 Qe5 31. Qd8+ Kg7 32. Qe7+ Kh6 33. Qf8+ Kg5
34. Rf1 Rxa4 35. h3 Rf4 36. Rxf4 Qxf4 37. Qe7+ Kf5 38. Qf8+ Ke5 39. Qh8+ Qf6 40.
Qa8 Qf1+ 41. Kh2 d5 42. Qh8+ Ke4 43. Qxh7 Qf4+ 44. Kh1 Qg5 45. Qb7 Qc1+ 46. Kh2
c4 47. Qb4 e5 {White resigns} 0-1

[Event "Team 45 45 League T44"]
[Site "Internet Chess Club"]
[Date "2010.03.07"]
[Round "4"]
[White "cerassee"]
[Black "baumhauer"]
[Result "0-1"]
[WhiteElo "2020"]
[BlackElo "1923"]
[Opening "Queen's Indian: Petrosian system"]
[ECO "E12"]
[Time "10:00:30"]
[TimeControl "2700+45"]

1. d4 Nf6 2. c4 e6 3. Nf3 b6 4. a3 Ba6 5. Qc2 Bb7 6. Nc3 Be7 7. e4 d6 8. Bd3
Nbd7 9. O-O c5 10. d5 O-O 11. Re1 e5 12. h3 h6 13. Nh2 Nh5 14. Be2 Nf4 15. Bg4
Nf6 16. g3 Nxg4 17. hxg4 Ng6 18. Nf1 Bg5 19. f3 Qf6 20. Kg2 Ne7 21. Bxg5 Qxg5
22. Ne3 g6 23. Qf2 f5 24. gxf5 gxf5 25. exf5 Nxf5 26. Nxf5 Rxf5 27. Ne4 Qg6 28.
Re3 Raf8 29. Rh1 Kf7 30. Rh4 h5 31. Qc2 Ke7 32. Qa4 Bc8 33. Qxa7+ Bd7 34. Qxb6
Rf4 35. Kf2 Rg4 36. Rxh5 Rxe4 37. Rxe5+ Rxe5 38. Rxe5+ Kf7 39. Re4 Kg8 40. Qb3
Qxe4 {White resigns} 0-1

[Event "Team 45 45 League T44"]
[Site "Internet Chess Club"]
[Date "2010.02.26"]
[Round "4"]
[White "Uwak"]
[Black "ElCreyente"]
[Result "1/2-1/2"]
[WhiteElo "2402"]
[BlackElo "2307"]
[Opening "Sicilian: Najdorf, 7...Qb6"]
[ECO "B97"]
[Time "11:00:19"]
[TimeControl "2700+45"]

1. e4 c5 2. Nf3 d6 3. d4 cxd4 4. Nxd4 Nf6 5. Nc3 a6 6. Bg5 e6 7. f4 Qb6 8. Qd2
Nc6 9. O-O-O Qxd4 10. Qxd4 Nxd4 11. Rxd4 Be7 12. Be2 Bd7 13. Bf3 Bc6 14. Rhd1 h6
15. Bxf6 gxf6 16. f5 h5 17. Ne2 h4 18. R4d3 Rg8 19. Nf4 Kd7 20. b3 Rac8 21. Kb2
b5 22. c3 Rg5 23. Nh3 Rgg8 24. Nf4 Rg5 25. R1d2 Ba8 26. Nh3 Rgg8 27. Nf4 Rg5 28.
Re3 Bf8 29. Nh5 Rxh5 30. Bxh5 Bh6 31. Rde2 Bxe3 32. Rxe3 Ke7 33. Bf3 Rg8 34. Kc2
Kd7 35. fxe6+ fxe6 36. Re2 Rg5 37. Kd3 Ke7 38. Kd4 Rc5 {Game drawn by mutual
agreement} 1/2-1/2

[Event "Team 45 45 League T44"]
[Site "Internet Chess Club"]
[Date "2010.03.05"]
[Round "4"]
[White "Vaigpertu"]
[Black "searchforbobby1"]
[Result "1-0"]
[WhiteElo "2282"]
[BlackElo "2221"]
[Opening "Dutch, 2.Bg5 variation"]
[ECO "A80"]
[Time "18:45:45"]
[TimeControl "2700+45"]

1. d4 f5 2. Bg5 Nf6 3. Bxf6 exf6 4. e3 g6 5. Bd3 d5 6. h4 Be6 7. Ne2 Bd6 8. Nd2
h5 9. c4 c6 10. Qb3 Qb6 11. Qc2 Qa5 12. O-O Nd7 13. a3 Kf7 14. b4 Qd8 15. c5 Bc7
16. b5 cxb5 17. Rfb1 Rc8 18. a4 b6 19. c6 a5 20. Bxb5 Nf8 21. Ba6 Rb8 22. Nc3
Qd6 23. Nb5 Qh2+ 24. Kf1 Bc8 25. Bxc8 Rxc8 26. Nf3 Qh1+ 27. Ke2 Qxg2 28. Nxc7
Rxc7 29. Rg1 Qh3 30. Rg3 Qxg3 31. fxg3 Ne6 32. Rb1 Rb8 33. Rb5 Nd8 34. Qb3 Nxc6
35. Qxd5+ Ke7 36. Rxb6 Nxd4+ 37. Qxd4 {Black resigns} 1-0

[Event "Team 45 45 League T44"]
[Site "Internet Chess Club"]
[Date "2010.03.03"]
[Round "4"]
[White "spacecadet"]
[Black "trucazzo"]
[Result "1/2-1/2"]
[WhiteElo "2180"]
[BlackElo "2183"]
[Opening "Scandinavian: Pytel-Wade variation"]
[ECO "B01"]
[Time "05:28:29"]
[TimeControl "2700+45"]

1. e4 d5 2. exd5 Qxd5 3. Nc3 Qd6 4. d4 Nf6 5. Bc4 a6 6. Bb3 Nc6 7. Nge2 e5 8.
dxe5 Qxd1+ 9. Nxd1 Nxe5 10. Bf4 Bd6 11. Ne3 O-O 12. O-O-O Re8 13. Rhe1 Ne4 14.
f3 Nc5 15. Nc4 Nxb3+ 16. axb3 Nxc4 17. bxc4 Be6 18. Bxd6 Bxc4 19. Bxc7 Bxe2 20.
Rd2 Bc4 21. Rxe8+ Rxe8 22. Rd8 Rxd8 23. Bxd8 f6 24. Kd2 Kf7 25. f4 Ke6 26. Ke3
Kf5 27. Bc7 h5 28. Bd6 h4 29. g3 Bf7 30. Bf8 hxg3 31. hxg3 {Game drawn by mutual
agreement} 1/2-1/2